 Dungeon Crawl Stone Soup version 0.31.0-32-g396128a36d (webtiles) character file.

Game seed: 13276625391866162090

2103 spaghetti the Summoner (level 9, -8/57 HPs)
             Began as a Formicid Summoner on Mar 9, 2024.
             Killed by divine providence
             ... invoked by Jeremiah
              (16 damage)
             ... on level 6 of the Dungeon.
             The game lasted 00:10:50 (6387 turns).

spaghetti the Summoner (Formicid Summoner)          Turns: 6387, Time: 00:10:51

Health: -8/57      AC:  2    Str: 12    XL:     9   Next: 53%
Magic:  0/30       EV: 12    Int: 23    God:
Gold:   258        SH:  0    Dex: 13    Spells: 9/25 levels left

rFire   . . .        i - +0 club (spect)
rCold   . . .        (no shield)
rNeg    . . .        a - +0 robe
rPois   .            (helmet unavailable)
rElec   .            (no cloak)
rCorr   .            (no gloves)
SInv    +            (no boots)
Will    .....        (no amulet)
Stlth   ++           f - ring of magical power
HPRegen 0.29/turn    l - ring of wizardry
MPRegen 0.22/turn

%: wizardry (x1)
@: inugami summoned
A: permanent stasis, dig shafts and tunnels, antennae 3, four strong arms,
clever 1, wild magic 1, no potion heal 1
a: Dig, Shaft Self


You were on level 6 of the Dungeon.
You visited 1 branch of the dungeon, and saw 6 of its levels.

You collected 258 gold pieces.

Inventory:

Hand Weapons
 i - a +0 spectral club (weapon)
 j - a +0 giant spiked club
Armour
 a - a +0 robe (worn)
Jewellery
 f - a ring of magical power (left hand)
 l - a ring of wizardry (right hand)
Wands
 e - a wand of flame (5)
Scrolls
 c - a scroll of noise
 o - 3 scrolls of immolation
 p - a scroll of identify
Potions
 b - a potion of magic
 d - 4 potions of mutation
 g - a potion of invisibility
 h - a potion of lignification
 k - a potion of attraction
 m - a potion of berserk rage


   Skills:
 - Level 1.7 Dodging
 - Level 2.4 Stealth
 + Level 8.8 Spellcasting
 + Level 9.4 Summonings


You had 9 spell levels left.
You knew the following spells:

 Your Spells              Type           Power      Damage    Failure   Level
a - Summon Small Mammal   Summ           100%       N/A       1%          1
b - Call Imp              Summ           100%       N/A       1%          2
c - Call Canine Familiar  Summ           62%        N/A       1%          3
d - Summon Lightning Spi  Summ/Air       41%        N/A       5%          4
e - Summon Cactus Giant   Summ           31%        N/A       12%         6

Your spell library contained the following spells:

 Spells                   Type           Power      Damage    Failure   Level
 Sandblast                Erth           26%        2d8       4%          1
 Summon Blazeheart Golem  Fire/Summ      41%        N/A       5%          4
 Scorch                   Fire           26%        2d6       6%          2
 Frozen Ramparts          Ice            26%        1d4       11%         3
 Gell's Gravitas          Tloc           13%        N/A       11%         3
 Passwall                 Erth           13%        N/A       11%         3
 Stone Arrow              Conj/Erth      26%        3d8       11%         3
 Teleport Other           Tloc           13%        N/A       11%         3
 Tukima's Dance           Hex            13%        N/A       11%         3
 Brom's Barrelling Bould  Conj/Erth      13%        2d4       32%         4
 Flame Wave               Conj/Fire      13%        2d6       32%         4
 Leda's Liquefaction      Alch/Erth      6%         N/A       32%         4
 Passage of Golubria      Tloc           13%        N/A       32%         4
 Petrify                  Alch/Erth      13%        N/A       32%         4
 Metabolic Englaciation   Hex/Ice        6%         N/A       61%         5
 Yara's Violent Unravell  Hex/Alch       6%         3d5       61%         5
 Dispersal                Tloc           6%         N/A       98%         6


Dungeon Overview and Level Annotations

Branches:
Dungeon (6/15)             Temple (0/1) D:4

Altars:
Trog
Wu Jian
Xom
Yredelemnul

Annotations:
D:6 Jeremiah


Innate Abilities, Weirdness & Mutations

You cannot be hasted, slowed, berserked, paralysed or teleported.
You can dig through walls and to a lower floor.
You have a pair of large antennae on your head. (SInv)
Your four strong arms can wield two-handed weapons with a shield.
Your mind is acute. (Int +4, Str/Dex -1)
Your spells are a little harder to cast, but a little more powerful.
Potions are less effective at restoring your health.


Message History

The butterfly dies!
The butterfly disappears in a burst of colours!
Found a potion of mutation.
Your inugami hits the butterfly!
The butterfly dies!
The butterfly disappears in a burst of colours!
Jeremiah hits your inugami but does no damage.
Your cerulean imp barely misses Jeremiah.
Your inugami closely misses Jeremiah.
Jeremiah gazes at their orb, transfixed.
Jeremiah hits your inugami with a +4 trident of draining.
Your cerulean imp closely misses Jeremiah.
Unknown command.
Your cerulean imp hits Jeremiah with a +1 spear.
Casting: Call Imp (safe; 1% risk of failure)
Confirm with . or Enter, or press ? or * to list all spells.
You don't have enough magic to cast this spell.
Your inugami barely misses Jeremiah.
Jeremiah hits your cerulean imp with a +4 trident of draining!
Your cerulean imp closely misses Jeremiah.
Something hits your cerulean imp.
Your cerulean imp dies!
Your cerulean imp disappears in a puff of smoke!
d - 4 potions of mutation (gained 1)
There are no items here.
Casting: Call Imp (safe; 1% risk of failure)
Confirm with . or Enter, or press ? or * to list all spells.
You don't have enough magic to cast this spell.
Your inugami hits Jeremiah!
Jeremiah hits your inugami with a +4 trident of draining!
Your inugami hits Jeremiah but does no damage.
Casting: Call Imp (safe; 1% risk of failure)
Confirm with . or Enter, or press ? or * to list all spells.
An electric hum fills the air.
Jeremiah hits your inugami with a +4 trident of draining.
Jeremiah drains your inugami.
Your inugami hits Jeremiah! Your inugami misses Jeremiah.
Jeremiah shouts, "O dreadful one, destroy my foe!"
Something smites you!
You die...
Jeremiah asks, "Is it over?
Can I wake up now?"

##### >...# ....#
....# ....#####
###### ........##
#....# .........#
#...^# .........#
#...@# ####..?#.#
#....#
#..#.#.####.8..#
#......#.b.....#
###......bb......#
.....b...Fh##....#
#.....b..#########
........## ###
..#...F## #...


You could see Jeremiah (ally target), a friendly lightning spire (summoned) and
a friendly inugami (summoned, drained).

Vanquished Creatures
  2 adders (D:4)
  A dart slug (D:1)
  An orc (D:6)
  2 ball pythons (D:1)
  2 endoplasms (D:4)
  A giant cockroach (D:2)
  A goblin (D:2)
  3 hobgoblins
  A kobold (D:1)
  A quokka (D:4)
  A bat (D:2)
  A frilled lizard (D:3)
  2 rats
19 creatures vanquished.

Vanquished Creatures (collateral kills)
  A boulder beetle (D:6)
  Sigmund (D:4)
  Menkaure (D:4)
  A nameless horror (D:6)
  4 ogres
  A centaur (D:5)
  A kobold brigand (D:6)
  3 scorpions
  2 bombardier beetles
  5 hounds
  Jessica (D:2)
  An iguana (D:4)
  Natasha (D:4)
  3 orc wizards
  Terence (D:3)
  6 adders
  A shadow imp (D:6)
  4 dart slugs
  12 orcs
  4 endoplasms
  2 giant cockroaches
  3 goblins
  10 hobgoblins
  5 quokkas
  5 ball pythons
  4 bats
  5 frilled lizards
  10 kobolds
  A rat (D:1)
99 creatures vanquished.

Vanquished Creatures (others)
  An adder (D:5)
1 creature vanquished.

Grand Total: 119 creatures vanquished

Notes
Turn   | Place    | Note
-------+----------+-------------------------------------------
     0 | D:1      | spaghetti the Formicid Summoner began the quest for the
                  | Orb.
     0 | D:1      | Reached XP level 1. HP: 13/13 MP: 3/3
   146 | D:1      | Reached XP level 2. HP: 13/19 MP: 0/5
   248 | D:1      | Learned a level 2 spell: Call Imp
   433 | D:1      | Reached XP level 3. HP: 24/24 MP: 2/7
   437 | D:1      | Learned a level 3 spell: Call Canine Familiar
  1795 | D:2      | Found a shimmering altar of Xom.
  1829 | D:2      | Gained mutation: Your spells are a little harder to cast,
                  | but a little more powerful. [potion of mutation]
  1829 | D:2      | Gained mutation: Potions are less effective at restoring
                  | your health. [potion of mutation]
  1829 | D:2      | Gained mutation: Your mind is acute. (Int +4, Str/Dex -1)
                  | [potion of mutation]
  1846 | D:2      | Reached XP level 4. HP: 7/30 MP: 8/8
  2308 | D:2      | Noticed Jessica
  2313 | D:2      | Killed Jessica
  2314 | D:2      | Reached skill level 5 in Summonings
  2314 | D:2      | Reached XP level 5. HP: 35/35 MP: 10/10
  3074 | D:3      | Found a faded altar of an unknown god.
  3089 | D:3      | Noticed Terence
  3093 | D:3      | Killed Terence
  3160 | D:3      | Reached XP level 6. HP: 21/41 MP: 12/12
  3597 | D:3      | Learned a level 4 spell: Summon Lightning Spire
  3644 | D:3      | Found a bloodstained altar of Trog.
  3763 | D:3      | Found an ornate altar of the Wu Jian Council.
  3939 | D:4      | Noticed Menkaure
  3958 | D:4      | HP: 2/41 [hobgoblin (5)]
  3960 | D:4      | Killed Menkaure
  3961 | D:4      | Reached skill level 5 in Spellcasting
  3961 | D:4      | Reached skill level 6 in Summonings
  3961 | D:4      | Reached XP level 7. HP: 8/46 MP: 13/14
  4023 | D:4      | Learned a level 6 spell: Summon Cactus Giant
  4315 | D:4      | Found a basalt altar of Yredelemnul.
  4582 | D:4      | Found a staircase to the Ecumenical Temple.
  4728 | D:4      | Noticed Sigmund
  4737 | D:4      | Killed Sigmund
  4738 | D:4      | Reached skill level 7 in Summonings
  4738 | D:4      | Reached XP level 8. HP: 52/52 MP: 17/17
  5338 | D:4      | Noticed Natasha
  5350 | D:4      | Killed Natasha
  5434 | D:5      | Entered Level 5 of the Dungeon
  5552 | D:5      | Reached skill level 8 in Summonings
  5849 | D:5      | Noticed a nameless horror
  6055 | D:6      | Reached XP level 9. HP: 57/57 MP: 12/20
  6311 | D:6      | Noticed a boulder beetle
  6320 | D:6      | Killed a boulder beetle
  6321 | D:6      | Reached skill level 9 in Summonings
  6323 | D:6      | Noticed Jeremiah
  6349 | D:6      | Noticed a nameless horror
  6370 | D:6      | HP: 1/57 [Jeremiah/divine providence (9)]
  6374 | D:6      | Killed a nameless horror
  6387 | D:6      | Killed from afar by Jeremiah

Illustrated notes

Levels and vault maps discovered:
D:1:      dpeg_arrival_orchard, layout_loops_ring
D:2:      layout_loops_ring, basic_altar, uniq_jessica
D:3:      layout_rooms, nicolae_wu_jian_glorious_leap, old_standard_altar,
          ebering_ecumenical_altar_mist, uniq_terence
D:4:      layout_loops_ring, yredelemnul_altar_generic,
          minmay_temple_entry_statues_pillars, uniq_natasha, uniq_menkaure,
          uniq_sigmund
D:5:      layout_rooms, enter_ossuary_4
D:6:      layout_rooms, mainiacjoe_overflow_brackets, minmay_manual_monolith,
          uniq_jeremiah

Skill      XL: |  1  2  3  4  5  6  7  8  9 |
---------------+----------------------------+-----
Spellcasting   | 3 4 5 6 7 8 |  8.8
Summonings     | 5 6 7 8 9 |  9.4
Dodging        | |  1.7
Stealth        | |  2.4

Action                     |  1- 3 |  4- 6 |  7- 9 || total
---------------------------+-------+-------+-------++-------
  Melee: Unarmed           |    69 |    18 |       ||    87
         Punch             |     2 |     1 |       ||     3
         Club              |       |    43 |   109 ||   152
   Cast: Summon Small Mamm |    39 |    30 |    11 ||    80
         Call Imp          |    16 |    21 |    15 ||    52
         Call Canine Famil |    10 |    16 |    15 ||    41
         Summon Lightning  |       |     2 |    10 ||    12
         Summon Cactus Gia |       |       |     7 ||     7
    Use: Scroll            |     3 |     2 |     5 ||    10
         Potion            |     1 |     6 |     4 ||    11
   Stab: Sleeping          |     2 |     2 |     1 ||     5
         Distracted        |       |       |     3 ||     3
 Armour: Robe              |    48 |    53 |    94 ||   195
  Dodge: Dodged            |    64 |    50 |   100 ||   214
